 Dungeon Crawl Stone Soup version 0.28-a0-589-g333b8329f1 (webtiles) character file.

Game seed: 10852476502096496631

390 sanka the Changer (level 6, -1/46 HPs)
             Began as a Demigod Transmuter on Oct 3, 2021.
             Slain by a gnoll (3 damage)
             ... on level 4 of the Dungeon.
             The game lasted 00:06:49 (4473 turns).

sanka the Changer (Demigod Transmuter)              Turns: 4473, Time: 00:06:50

Health: -1/46      AC:  2    Str: 11    XL:     6   Next: 25%
Magic:  8/11       EV: 19    Int: 23    God:
Gold:   126        SH:  0    Dex: 19    Spells: 3/9 levels left

rFire   . . .      SeeInvis .     - Unarmed
rCold   . . .      Faith    .   (shield currently unavailable)
rNeg    . . .      Spirit   .   (armour currently unavailable)
rPois   x          Reflect  .   (helmet currently unavailable)
rElec   .          Harm     .   (cloak currently unavailable)
rCorr   .          Rampage  .   (gloves currently unavailable)
Will    .....                   (boots currently unavailable)
Stlth   ++........              (no amulet)
HPRegen 0.15/turn               (no ring)
MPRegen 0.12/turn               (no ring)

@: spider-form, wereblooded
A: venomous fangs, tiny, high mp 1, forlorn
a: End Transformation


You were on level 4 of the Dungeon.
You were a venomous arachnid creature.
You visited 1 branch of the dungeon, and saw 4 of its levels.

You collected 126 gold pieces.


Innate Abilities, Weirdness & Mutations

You are a venomous arachnid creature.
You have poisonous fangs.
You are tiny and dextrous.
Your spellcasting is less reliable in this form.
Your armour is entirely melded.
You are incapable of wielding weapons or throwing items.
Your attributes grow dramatically as you level up.
You have an increased reservoir of magic. (+10% MP)
You shall have no god before yourself.


   Skills:
 - Level 0.8 Fighting
 - Level 1.7 Dodging
 - Level 2.6 Unarmed Combat
 - Level 2.0 Spellcasting
 + Level 6.3 Transmutations


You had 3 spell levels left.
You knew the following spells:

 Your Spells              Type           Power      Damage    Failure   Level
x - Spider Form           Tmut/Pois      8%         N/A       26%         3
y - Wereblood             Tmut           31%        N/A       6%          2
z - Beastly Appendage     Tmut           62%        N/A       4%          1

Your spell library contained the following spells:

 Spells                   Type           Power      Damage    Failure   Level
 Ice Form                 Ice/Tmut       16%        N/A       56%         4

Inventory:

Hand Weapons
 k - a +3 quarterstaff of chaos
Armour
 a - a +0 cloak (melded)
 e - a +0 pair of boots (melded)
 j - a +0 robe of positive energy (melded)
 q - a +0 helmet (melded)
Wands
 l - a wand of digging (5)
Scrolls
 b - a scroll of immolation {unknown}
 c - 2 scrolls of identify {unknown}
 h - a scroll of brand weapon {unknown}
 m - a scroll of fear {unknown}
 n - a scroll of teleportation {unknown}
 o - a scroll of torment {unknown}
 p - a scroll of silence {unknown}
 r - 2 scrolls of enchant armour {unknown}
Potions
 d - 3 potions of attraction {unknown}
 f - a potion of might {unknown}
 g - 2 potions of degeneration {unknown}
 i - 2 potions of curing {unknown}
 s - 3 potions of haste {unknown}

Dungeon Overview and Level Annotations

Branches:
Dungeon (4/15)
 Temple: D:4-7

▒....... .▒
▒▒.
▒.......
... ▒..
▒.<..<..
.... ...
▒......
▒..▒▒▒▒..
▒......
▒..≈≈..▒
▒......
▒..≈≈..▒
▒......
▒..≈≈..▒▒
▒......
+▒▒sg.▒
▒....▒▒
▒..▒....▒
▒......
▒..▒▒......
▒▒..▒▒▒
▒...▒▒▒....
▒.▒▒▒. ▒▒▒
▒▒....▒▒▒▒▒
▒.▒... ▒.▒
▒........▒
▒.▒.▒▒ ▒.▒
▒.....▒▒▒
▒...▒▒ ▒.▒
▒.....▒
▒..▒▒▒ ▒.▒
▒.....▒
▒▒..▒..


You could see a gnoll (very poisoned).


Message History

The gnoll hits you but does no damage. The gnoll misses you.
You hit the gnoll.
The gnoll is moderately wounded.
The gnoll closely misses you.
The gnoll hits you from afar with a +0 spear.
* * * LOW HITPOINT WARNING * * *
You hit the gnoll.
The gnoll is poisoned.
The gnoll is moderately wounded.
The gnoll hits you with a +0 club.
* * * LOW HITPOINT WARNING * * *
The gnoll misses you.
You barely miss the gnoll.
The gnoll is heavily wounded.
The gnoll misses you.
The gnoll hits you from afar with a +0 spear.
* * * LOW HITPOINT WARNING * * *
You bite the gnoll!
You kill the gnoll!
The gnoll completely misses you. The gnoll hits you with a +0 spear!
* * * LOW HITPOINT WARNING * * *
There is an open door here.
Things that are here:
a +0 club; a +0 whip; a gnoll corpse You hit the gnoll but do no damage.
The gnoll is poisoned.
The gnoll hits you with a +0 spear.
You die...

Action                   |  1- 3 |  4- 6 || total
-------------------------+-------+-------++-------
Melee: Unarmed           |    72 |   167 ||   239
       Kick              |    15 |    19 ||    34
       Headbutt          |     8 |     9 ||    17
       Punch             |       |     1 ||     1
 Cast: Beastly Appendage |    25 |    16 ||    41
       Wereblood         |     1 |    13 ||    14
       Spider Form       |     1 |    11 ||    12
 Stab: Sleeping          |     3 |     1 ||     4
Armor: Robe              |     8 |    17 ||    25
       Skin              |       |     5 ||     5
Dodge: Dodged            |    41 |   138 ||   179

Levels and vault maps discovered:
D:1:      sevenhm_arrival_forest_fort_small_5, layout_loops_ring,
          ebering_ecumenical_altar_hall, minmay_liquid_box
D:2:      layout_basic, uniq_crazy_yiuf_cottage, uniq_jessica
D:3:      layout_rooms, mainiacjoe_overflow_catwalk_spiral, uniq_robin
D:4:      layout_rooms, mainiacjoe_overflow_two_lobes

Notes
Turn   | Place    | Note
-------+----------+-------------------------------------------
     0 | D:1      | sanka the Demigod Transmuter began the quest for the Orb.
     0 | D:1      | Reached XP level 1. HP: 15/15 MP: 5/5
   328 | D:1      | Reached skill level 2 in Transmutations
   342 | D:1      | Reached skill level 2 in Spellcasting
   817 | D:1      | Reached XP level 2. HP: 22/22 MP: 5/7
   842 | D:1      | Learned a level 2 spell: Wereblood
  1211 | D:1      | Reached skill level 3 in Transmutations
  1973 | D:2      | Noticed Jessica
  1986 | D:2      | Killed Jessica
  1987 | D:2      | Reached XP level 3. HP: 24/27 MP: 8/8
  2015 | D:2      | Learned a level 3 spell: Spider Form
  2146 | D:2      | Found a runed translucent door.
  2158 | D:2      | Noticed Crazy Yiuf
  2169 | D:2      | Killed Crazy Yiuf
  2170 | D:2      | Reached skill level 4 in Transmutations
  2170 | D:2      | Reached XP level 4. HP: 34/34 MP: 6/9
  2601 | D:3      | Reached skill level 5 in Transmutations
  2601 | D:3      | Reached XP level 5. HP: 35/39 MP: 6/10
  2663 | D:3      | Noticed Robin
  2799 | D:3      | Killed Robin
  3881 | D:4      | Reached skill level 6 in Transmutations
  3881 | D:4      | Reached XP level 6. HP: 25/46 MP: 8/11
  4472 | D:4      | HP: 1/46 [gnoll (7)]
  4473 | D:4      | Slain by a gnoll

Vanquished Creatures
  A scorpion (D:4)
  A centaur skeleton (D:3)
  A jelly (D:4)
  A bullfrog skeleton (D:4)
  Crazy Yiuf (D:2)
  Jessica (D:2)
  Robin (D:3)
  6 gnolls
  2 adders (D:3)
  4 dart slugs
  12 orcs
  5 ball pythons
  6 endoplasms
  5 giant cockroaches
  15 goblins
  7 hobgoblins
  3 jackals (D:3)
  4 quokkas
  2 bats (D:1)
  2 frilled lizards (D:1)
  3 kobolds
  6 rats
89 creatures vanquished.
